[Event "Women's Rapid"]
[Site "Chess.com"]
[Date "2023.08.31"]
[Round "2"]
[White "Vantika, Agrawal"]
[Black "Ushenina, Anna"]
[Result "1-0"]
[WhiteElo "2307"]
[BlackElo "2384"]
[ECO "D30"]
[EventDate "2023.??.??"]
[Annotator "rafael"]
[PlyCount "93"]
[Beauty "7218501792782"]
[EventType "rapid"]
[TimeControl "1500+10"]

1.d4 d5 2.c4 e6 3.Nf3 h6 {Some strong players have tried This strange little move. The idea is to stop White from developing their bishop to g5. Of course, it's not better than more natural moves, but it has the benefit of side-stepping more well-known opening theory.} 4.g3 Nf6 5.Bg2 Bd6 6.O-O O-O 7.b3 {A good move, protecting c4 and preparing to develop the bishop.} 7...b6 8.Bb2 Bb7 9.cxd5 {Interestingly, no one has captured the pawn in this position before, although we will have a transposition later.} ( 9.Nc3 {If you want to learn how to play these classical pawn structures, few things are better than studying a game played by GM Boris Gelfand.} 9...Nbd7 10.Rc1 a6 11.Nd2 $1 Re8 12.e4 {with a clear advantage for White in Gelfand-Nihal, Wch Rapid Warsaw 2021.} ) 9...exd5 10.Nc3 Nbd7 11.Rc1 a6 {A necessary move to avoid Nc3-b5. Now, White must decide on a plan of action.} 12.Nh4 {The knight heads to f5.} ( 12.Qc2 Re8 13.Nh4 Rc8 14.Rfd1 Bf8 15.e3 g6 16.Nf3 {with a slight advantage for White in Lazavik-Kovalev, Titled Tuesday 2023.} ) ( 12.e3 {is a typical idea, with the plan of playing Nc3-e2-f4-d3.} ) 12...Re8 ( 12...g6 {is possible, avoiding the knight jump at the cost of weakening the kingside slightly.} ) 13.Nf5 Nf8 $6 {[%c_effect f8;square;f8;type;Inaccuracy;persistent;true] But this is a strange decision—there's no need to let the bishop go.} ( 13...Bf8 {This is the logical follow-up for Black's previous move. The position is equal.} ) 14.e3 ( 14.f3 {is the computer suggestion, and it's better than it looks. The idea is to prepare the e2-e4 advance at some point.} 14...Ne6 $2 {[%c_effect e6;square;e6;type;Mistake;persistent;true] is not possible now:} 15.e4 $1 {[%c_effect e4;square;e4;type;GreatFind;persistent;true] with an overwhelming advantage.} ) 14...Ne6 ( 14...Bb4 $5 {[%c_effect b4;square;b4;type;Interesting;persistent;true] it's interesting to exchange the bishop for the other knight, for instance:} 15.a3 Bxc3 16.Rxc3 Ne4 17.Rc1 a5 {with a balanced game.} ) 15.Nxd6 cxd6 $6 {[%c_effect d6;square;d6;type;Inaccuracy;persistent;true] A dubious positional decision, as the pawn becomes weak.} ( 15...Qxd6 {is safer.} ) 16.a4 {Played to hinder Black's play on the queenside.} ( 16.h4 {is interesting, taking the g5-square from the knight.} ) 16...Ng5 ( 16...b5 {can be played anyway, since the pawn cannot be captured.} 17.Ba3 {with a slight advantage for White.} ( 17.axb5 $6 axb5 18.Nxb5 $2 Ba6 ) ) 17.Ne2 {A typical knight journey.} 17...Nge4 18.Nf4 ( 18.f3 {It's also good to send the knight back immediately.} 18...Ng5 19.h4 Ne6 20.Qd2 ) 18...b5 ( 18...a5 $1 {[%c_effect a5;square;a5;type;GreatFind;persistent;true] is better, with the plan of activating the bishop with ...Ba6.} ) 19.f3 ( 19.axb5 {it makes sense to exchange the pawns immediately.} 19...axb5 20.f3 Ng5 21.Qd2 {with a clear advantage.} ) 19...Ng5 20.h4 ( 20.axb5 {this move is not good now since Black can take on e3.} 20...Rxe3 $1 ) 20...Ngh7 ( 20...Ne6 {seems more logical.} ) 21.Qd2 bxa4 22.bxa4 a5 ( 22...g5 $1 {[%c_effect g5;square;g5;type;GreatFind;persistent;true] sharpens the game. We will see this same idea later.} 23.hxg5 hxg5 24.Nh3 g4 $1 {[%c_effect g4;square;g4;type;GreatFind;persistent;true] with a double-edged position.} ) 23.Ba3 Nf8 $6 ( 23...g5 $1 ) 24.Rc3 $1 {[%c_effect c3;square;c3;type;GreatFind;persistent;true] Preparing to double rooks on the c-file.} 24...g5 {This move is not that effective now.} 25.hxg5 hxg5 26.Nh3 g4 ( 26...Ne6 27.g4 $1 {[%c_effect g4;square;g4;type;GreatFind;persistent;true] The g5-pawn is fixed and Black is in trouble.} ) 27.fxg4 Nxg4 28.Nf4 $6 {[%c_effect f4;square;f4;type;Inaccuracy;persistent;true] There are better options.} ( 28.e4 $1 {[%c_effect e4;square;e4;type;GreatFind;persistent;true] Black's position quicky collapses after this strong move.} 28...dxe4 29.Qf4 Qd7 30.Qg5+ Ng6 ( 30...Kh8 31.Rf5 ) 31.Nf4 {with a winning attack.} ) ( 28.Rf5 {is also very strong.} ) 28...Qg5 29.Bf3 ( 29.Bxd6 {The pawn can be taken. The point is that after} 29...Qh6 {White defends with} 30.Bh3 $1 ) 29...Nf6 $6 ( 29...Rac8 $1 {[%c_effect c8;square;c8;type;GreatFind;persistent;true] is a better chance to try to stir up some confusion.} ) 30.Bxd6 Qxg3+ 31.Qg2 Qxg2+ 32.Kxg2 {The endgame is a nightmare for Black: too many weaknesses and an exposed king.} 32...Ra6 33.Be5 $1 {[%c_effect e5;square;e5;type;GreatFind;persistent;true] The most accurate.} 33...N8d7 34.Rb1 $1 Bc6 ( 34...Ba8 {is a better attempt, although the position remains difficult.} 35.Be2 Ra7 ( 35...Rc6 36.Rxc6 Bxc6 37.Bxf6 Nxf6 38.Rb6 $1 Rc8 39.Bb5 Bxb5 40.Rxb5 {with a winning endgame.} ) 36.Bxf6 Nxf6 37.Rb6 Ne4 38.Rc2 {Black still has practical chances, but objectively, the position is lost.} ) 35.Be2 $1 {[%c_effect e2;square;e2;type;GreatFind;persistent;true] White wins the exchange.} 35...Ne4 ( 35...Nxe5 36.Bxa6 Nc4 37.Bxc4 dxc4+ 38.Kg1 {with a technically winning position.} ) 36.Rcc1 Rea8 37.Bxa6 Rxa6 38.Bc7 Nd2 39.Rb5 $1 {[%c_effect b5;square;b5;type;GreatFind;persistent;true] A very clever move, offering the exchange back.} 39...Nc4 ( 39...Bxb5 40.axb5 {The b-pawn decides the game.} ) 40.Rc3 $6 {[%c_effect c3;square;c3;type;Inaccuracy;persistent;true] This gives Black one last hope.} ( 40.Kf3 Ra7 41.Nxd5 $1 Bxd5+ ( 41...Nf6 42.e4 ) 42.Rxd5 Rxc7 43.Ke2 Kf8 44.Rxd7 Rxd7 45.Rxc4 ) ( 40.e4 $5 ) ( 40.Kf2 ) 40...Nf6 $6 ( 40...Ra7 $1 {[%c_effect a7;square;a7;type;GreatFind;persistent;true] and it's not clear whether White is still winning, for instance:} 41.Nxd5 ( 41.Bd8 $6 Bxb5 42.axb5 Ndb6 ) 41...Nf6 $1 42.Rxc4 ( 42.Bb8 $1 {[%c_effect b8;square;b8;type;GreatFind;persistent;true] is probably the best move, but not easy to play when your opponent is taking on d5. The machine, however, is not afraid of these things.} ) 42...Bxd5+ 43.Rxd5 Nxd5 44.Bf4 Nb6 {with drawing chances.} ) 41.Rb8+ Kg7 42.Kf3 {The king frees the g-file to be used on the attack.} 42...Ne4 43.Rc1 Ng5+ 44.Ke2 f6 45.Rh1 Bxa4 46.Rhh8 Nf7 {This leads to mate, but there was no salvation.} 47.Rbg8# 1-0

[Event "World Rapid Team Championship 2023"]
[Site "Chess.com"]
[Date "2023.08.28"]
[Round "9"]
[White "Nepomniachtchi, Ian"]
[Black "Svidler, Peter"]
[Result "1-0"]
[WhiteElo "2762"]
[BlackElo "2737"]
[ECO "C34"]
[EventDate "2023.??.??"]
[Annotator "rafael"]
[PlyCount "43"]
[Beauty "8251034891327"]
[EventType "rapid"]
[TimeControl "900+10"]

1.e4 e5 2.f4 {The King's Gambit is not a good choice for White in standard super grandmaster play, but in rapid games or amateur tournaments it's possible to have some fun with it.} 2...exf4 3.Nf3 Ne7 {Only the seventh-most popular move.} ( 3...g5 {is the main move.} ) 4.d4 d5 5.Bd3 {Nepomniachtchi had played this move before.} ( 5.Nc3 ) ( 5.e5 ) 5...c5 ( 5...dxe4 {is also possible:} 6.Bxe4 Ng6 7.Qe2 Be7 8.h4 $1 O-O 9.h5 Nh4 10.Bxf4 Nxf3+ 11.Qxf3 Qxd4 12.Nc3 Nc6 13.h6 g6 14.Rd1 Qb4 15.O-O {with good compensation for the pawn in Nepomniachtchi-Hansen, Chess.com (rapid) 2022.} ) 6.Nc3 cxd4 7.Nxd4 dxe4 {A good move and also a novelty.} ( 7...Nbc6 8.Nxc6 bxc6 9.exd5 ( 9.O-O $6 d4 10.Ne2 g5 $1 ( 10...Ng6 {was played in Zeller-Hecht, Germany 2004.} ) 11.g3 f3 $1 12.Rxf3 Ng6 {followed by ...Ne5 with a clear advantage for Black.} ) 9...Nxd5 10.Nxd5 Qxd5 11.Qe2+ Be7 12.Bxf4 Be6 {with a roughly equal position.} ) 8.Nxe4 ( 8.Bxe4 {is also possible, with a complicated game after} 8...Ng6 ) 8...Ng6 ( {Of course not} 8...Qxd4 $4 9.Bb5+ {winning the queen.} ) 9.h4 $1 {[%c_effect h4;square;h4;type;GreatFind;persistent;true] A strong move, preparing to disturb the knight's position on g6.} 9...Nc6 ( 9...Nxh4 $2 {[%c_effect h4;square;h4;type;Mistake;persistent;true] The pawn cannot be taken; White's initiative is too strong after} 10.Bb5+ Bd7 11.Qe2 Be7 12.Bxf4 {All the pieces are playing and Black is lost.} ) ( 9...Be7 {is playable:} 10.Bb5+ Bd7 11.h5 Nh4 12.Qe2 O-O 13.Bxf4 Nf5 14.Nxf5 Bxf5 {with a balanced game.} ) ( 9...h5 {is also an interesting alternative, avoiding the h4-h5 advance in the most primitive way.} ) 10.Nxc6 bxc6 11.Qe2 $6 ( 11.h5 {is better:} 11...Ne5 12.Bxf4 Nxd3+ 13.Qxd3 ( 13.cxd3 Bb4+ {with a good position for Black.} ) 13...Qxd3 14.cxd3 Bb4+ {with an equal endgame. Needless to say, this type of position is not what Nepomniachtchi wants when he plays the King's Gambit.} ) 11...Bb4+ $6 ( 11...Be7 $1 {[%c_effect e7;square;e7;type;GreatFind;persistent;true] is stronger, leading to a good position for Black after} 12.h5 Ne5 13.Bxf4 Bg4 $1 14.Qe3 Nxd3+ 15.cxd3 ( 15.Qxd3 Qxd3 16.cxd3 O-O {is also preferable for Black: a safe endgame with the pair of bishops.} ) 15...O-O ) 12.Bd2 Bxd2+ 13.Qxd2 O-O 14.O-O-O Bg4 $6 {[%c_effect g4;square;g4;type;Inaccuracy;persistent;true] After this move the position becomes very dangerous.} ( 14...Bf5 $1 {[%c_effect f5;square;f5;type;GreatFind;persistent;true] is safer:} 15.h5 Bxe4 16.Bxe4 Qxd2+ 17.Rxd2 Ne5 18.Rf2 g5 $1 19.hxg6 fxg6 ( 19...hxg6 {is also fine.} ) 20.Rh4 $1 {[%c_effect h4;square;h4;type;GreatFind;persistent;true] White manages to win the pawn back, but this is only enough for equality.} ) 15.h5 $1 Ne5 ( 15...Bxd1 $2 16.hxg6 {wins.} ) 16.Qxf4 $1 {[%c_effect f4;square;f4;type;GreatFind;persistent;true] Black has only one move to keep fighting now, but does not find it.} 16...Qb8 $2 ( 16...Bxd1 $2 17.Qxe5 {followed by h5-h6 with a decisive attack.} ) ( 16...Re8 $1 {[%c_effect e8;square;e8;type;GreatFind;persistent;true] is the only chance.} 17.Be2 ( 17.h6 $2 {[%c_effect h6;square;h6;type;Mistake;persistent;true] is not so dangerous now:} 17...Bxd1 18.hxg7 Re6 $1 {[%c_effect e6;square;e6;type;GreatFind;persistent;true] and the rook comes to the rescue.} ) 17...Qc7 $1 {[%c_effect c7;square;c7;type;GreatFind;persistent;true] An interesting variation goes:} 18.Qg5 ( 18.Bxg4 $4 Nd3+ {wins the queen.} ) 18...Bxe2 19.Nf6+ Kf8 ( 19...Kh8 $2 {[%c_effect h8;square;h8;type;Mistake;persistent;true] loses to} 20.h6 $1 ) 20.Nxh7+ Kg8 21.Nf6+ {with a draw.} ( 21.h6 {is a winning attempt, but Black is not worse after} 21...Ng6 22.hxg7 Qf4+ 23.Qxf4 Nxf4 24.Nf6+ Kxg7 25.Nxe8+ Rxe8 ) ) 17.Nd6 $3 {[%c_effect d6;square;d6;type;Brilliant;persistent;true] Svidler certainly missed this beautiful move, which leads to a winning attack.} 17...f6 ( 17...Qxd6 18.Bxh7+ Kxh7 19.Rxd6 {wins the queen.} ) ( 17...Bxd1 18.Qxe5 Bg4 19.h6 {with mate soon to follow.} ) ( 17...Nxd3+ 18.Rxd3 {followed by h5-h6, destroying the king's protection.} ) 18.Qe4 $1 g6 ( 18...Nxd3+ 19.Rxd3 {is not much help.} ) 19.hxg6 hxg6 20.Rh6 $1 {[%c_effect h6;square;h6;type;GreatFind;persistent;true] The rook is ready to capture the g6-pawn.} 20...Qxd6 21.Bc4+ Kg7 22.Rxg6+ ( 22.Rxg6+ Nxg6 23.Rxd6 {White is a queen up and the attack continues.} ) 1-0

[Event "Levitov Chess Week 2023"]
[Site "Amsterdam"]
[Date "2023.09.26"]
[Round "16"]
[White "Dubov, Daniil"]
[Black "Nepomniachtchi, Ian"]
[Result "1-0"]
[WhiteElo "2717"]
[BlackElo "2766"]
[ECO "D03"]
[EventDate "2023.??.??"]
[Annotator "rafael"]
[PlyCount "47"]
[Beauty "8249713631828"]
[EventType "team-tourn"]
[EventCountry "NED"]
[TimeControl "600+5"]

1.d4 Nf6 2.Nf3 d5 3.Bg5 Ne4 4.Bh4 {The real battle in this game will unfold over the next four moves, so we need to pay special attention to what happens in this interval. Dubov is known for his original opening ideas and for analyzing them in great depth.} ( 4.Bf4 {is the alternative.} ) 4...h5 $5 {[%c_effect h5;square;h5;type;Interesting;persistent;true] Nepomniachtchi chooses a rare line, but it's the computer's first choice, which certainly did not go unnoticed by the renowned theorist who leads the white pieces. The idea is to play 5...f6 followed by g7-g5. The bishop on h4 doesn't have an easy life.} 5.h3 {A good reaction, freeing the h2-square for the bishop.} ( 5.Nbd2 $2 {[%c_effect d2;square;d2;type;Mistake;persistent;true] is a natural move that shows the dangers of the position. Black is already much better after} 5...f6 $1 6.h3 g5 7.Bg3 Nxg3 8.fxg3 Qd6 ) ( 5.e3 {is possible, but White needs to be armed with computer analysis to find the right way to play on the next move.} 5...f6 6.Ng1 $1 {[%c_effect g1;square;g1;type;GreatFind;persistent;true] The only acceptable continuation.} 6...g5 7.f3 gxh4 8.fxe4 dxe4 9.Nc3 {with a complicated game.} ) 5...Rg8 $6 {[%c_effect g8;square;g8;type;Inaccuracy;persistent;true] The first step in the wrong direction.} ( 5...f6 {is still possible but not so dangerous anymore:} 6.Nfd2 $1 g5 7.Nxe4 {White stands slightly better after both captures.} 7...gxh4 ( 7...dxe4 8.Bg3 ) 8.Ned2 e5 9.Nf3 ) ( 5...c5 $1 {[%c_effect c5;square;c5;type;GreatFind;persistent;true] is the best move and was tested in the blitz game Grischuk-Sadhwani, Krasnogorsk 2023. There's a lot to be discovered in this position.} ) 6.Nbd2 $1 ( 6.Nfd2 {Black gets a better version with the rook on g8 instead of the pawn on f6.} 6...g5 7.Nxe4 gxh4 ) 6...g5 7.Nxe4 gxh4 $2 {[%c_effect h4;square;h4;type;Mistake;persistent;true] Black is left with a miserable position after this move.} ( 7...dxe4 {is the only way to make sense of the previous moves.} 8.Nxg5 Qd5 9.f4 $1 {[%c_effect f4;square;f4;type;GreatFind;persistent;true] The only move.} 9...f6 10.e3 Bf5 {with a double-edged position where I prefer White.} ( 10...fxg5 11.Qxh5+ Qf7 12.Qxf7+ Kxf7 13.Bxg5 {The e4-pawn is very weak, and White has the advantage in this unbalanced position.} ) ) 8.Nc3 e6 9.e4 {Black has nothing to show for the weakened king and pawn structure.} 9...Bh6 ( 9...Nc6 10.Qe2 {is also very unpleasant.} ) 10.Ne5 $1 {[%c_effect e5;square;e5;type;GreatFind;persistent;true] Black's position collapses quickly.} 10...Qg5 11.exd5 Kf8 12.Bc4 $1 {[%c_effect c4;square;c4;type;GreatFind;persistent;true] Dubov likes to sacrifice pieces. This move must have come easily for him.} 12...f6 ( 12...Qxg2 {loses after} 13.Qxh5 $1 Qxh1+ 14.Ke2 ) 13.dxe6 $1 fxe5 14.Qf3+ Kg7 15.Qf7+ Kh8 16.e7 Be6 {A desperate try to muddy the waters.} ( {After} 16...Bd7 {White wins with} 17.Qxg8+ Qxg8 18.Bxg8 Kxg8 19.Nd5 $1 {[%c_effect d5;square;d5;type;GreatFind;persistent;true] threatening to capture on c5 and also a check on f6.} ) 17.Qxe6 Nc6 18.Ne4 $1 Qg7 19.Nf6 $1 Qxg2 20.Bd5 Qxh1+ 21.Bxh1 Rg1+ 22.Ke2 Nxd4+ 23.Kd3 Nxe6 24.Rxg1 {The e7-pawn cannot be stopped.} 1-0

[Event "Champions Chess Tour AI Cup 2023"]
[Site "Chess.com"]
[Date "2023.09.18"]
[Round "1"]
[White "Andreikin, Dmitry"]
[Black "Nakamura, Hikaru"]
[Result "1-0"]
[WhiteElo "2714"]
[BlackElo "2802"]
[ECO "E16"]
[EventDate "2023.??.??"]
[Annotator "rafael"]
[PlyCount "108"]
[Beauty "6736945641480"]
[EventType "team-tourn"]
[TimeControl "600+2"]

1.d4 Nf6 2.c4 e6 3.Nf3 b6 4.g3 Bb7 {The old main move of the Queen's Indian Defense.} ( 4...Ba6 ) 5.Bg2 Bb4+ {The second most popular move.} ( 5...Be7 ) 6.Bd2 Bxd2+ {There are various alternatives to this move.} ( 6...Qe7 ) ( 6...Be7 ) ( 6...a5 ) ( 6...c5 ) 7.Qxd2 O-O {The same players faced each other in this position this year, but in that game Andreikin decided to castle straight away.} 8.Nc3 ( 8.O-O d6 9.Nc3 Ne4 10.Qc2 Nxc3 11.Qxc3 Nd7 12.Rfe1 f5 13.Ng5 $1 {[%c_effect g5;square;g5;type;GreatFind;persistent;true] We will see a similar trick in the main game.} 13...Qxg5 14.Bxb7 {Andreikin went on to win this game as well. Andreikin-Nakamura, Chess.com (blitz) 2023.} ) 8...Ne4 9.Qc2 Nxc3 10.Ng5 $1 {[%c_effect g5;square;g5;type;GreatFind;persistent;true] The game takes on a forceful character.} 10...Ne4 11.Nxe4 {This move is rarely played.} ( 11.Bxe4 {is critical, but Black has compensation for the exchange after} 11...Bxe4 12.Qxe4 Qxg5 13.Qxa8 Nc6 14.Qb7 Nxd4 ) 11...Nc6 12.Qc3 Na5 {A new move.} ( 12...d5 13.cxd5 exd5 14.Nd2 {with a slight advantage for White: Fluit-Ressler, ICCF email 2014.} ) ( 12...f5 {is possible:} 13.Nd2 Qf6 14.e3 Nd8 15.Bxb7 Nxb7 {with a balanced game.} ) 13.O-O f5 14.Nd2 Bxg2 15.Kxg2 c5 16.dxc5 bxc5 {White is slightly better due to the more stable pawn structure; Black's pawn on f5 is too advanced.} 17.Rad1 ( 17.a3 {and the idea of playing b2-b4 is a more incisive plan.} ) 17...Qc7 18.Nf3 ( 18.f4 {is more aggressive, with the idea of playing e2-e4 without allowing the option of ...f5-f4.} ) 18...Rad8 19.Rd3 d6 20.Rfd1 Nb7 $6 {[%c_effect b7;square;b7;type;Inaccuracy;persistent;true] This is too passive.} ( 20...e5 $1 {[%c_effect e5;square;e5;type;GreatFind;persistent;true] is better; the knight will go to c6.} 21.Rd5 Nc6 {with chances for both sides.} ) 21.Ng5 $5 {[%c_effect g5;square;g5;type;Interesting;persistent;true] Andreikin starts an interesting journey with his knight.} 21...Rde8 22.Nh3 {This is the point: he wants to play Nf4. But Nakamura avoids this.} 22...e5 $1 23.Rd5 Rf6 24.Ng5 $6 {[%c_effect g5;square;g5;type;Inaccuracy;persistent;true] The knight goes back, but this is not dangerous for Black.} 24...h6 25.Nf3 Nd8 ( 25...Na5 $1 {[%c_effect a5;square;a5;type;GreatFind;persistent;true] is more accurate. The knight heads to c6, but now after} 26.b4 {he can play} 26...cxb4 27.Qxb4 Nxc4 {winning a pawn.} ) 26.b4 $1 cxb4 ( 26...Ne6 {leads to an equal position after} 27.bxc5 Nxc5 ) 27.Qxb4 Nf7 $2 {[%c_effect f7;square;f7;type;Mistake;persistent;true] The knight chooses the wrong way again.} ( 27...Nb7 $1 {[%c_effect b7;square;b7;type;GreatFind;persistent;true] is correct. White has only a small advantage after} 28.Qa4 Rff8 ) 28.c5 $1 {[%c_effect c5;square;c5;type;GreatFind;persistent;true] White breaks the pawn chain and achieves a clear advantage since his major pieces have become very active.} 28...dxc5 29.Rxc5 Qe7 30.Qc4 Qe6 31.Qxe6 Rfxe6 32.Rd7 a6 33.Rcc7 {A dream situation for White's rooks. But Nakamura is famous for his defensive capabilities.} 33...Rf6 34.h4 e4 35.Nd4 f4 $1 {[%c_effect f4;square;f4;type;GreatFind;persistent;true] The best chance.} 36.g4 $2 {[%c_effect g4;square;g4;type;Mistake;persistent;true] This gives good escaping chances for Black.} ( 36.gxf4 Rxf4 37.Nc6 $1 Rf6 38.Ne7+ Kf8 39.Ra7 {Black is not yet lost, but the position is very uncomfortable.} ) 36...g6 $2 ( 36...f3+ $1 {[%c_effect f3;square;f3;type;GreatFind;persistent;true] offers excellent drawing chances.} 37.exf3 exf3+ 38.Nxf3 ( 38.Kg3 Re1 $1 ) 38...Rxf3 $1 39.Kxf3 Ne5+ 40.Kg3 Nxd7 41.Rxd7 Re4 $1 {[%c_effect e4;square;e4;type;GreatFind;persistent;true] The rook goes to a4, and Black is fighting.} ) 37.a4 ( 37.Nc6 $1 {[%c_effect c6;square;c6;type;GreatFind;persistent;true] is winning for White: the knight is heading to e7 and then d5.} ) 37...f3+ 38.exf3 exf3+ 39.Nxf3 ( 39.Kg3 $1 {[%c_effect g3;square;g3;type;GreatFind;persistent;true] is more accurate, protecting the g4-pawn before taking on f3.} ) 39...Rf4 $2 {[%c_effect f4;square;f4;type;Mistake;persistent;true] The final mistake.} ( 39...Re4 $1 40.Kg3 Rxa4 41.Rc8+ Kg7 42.g5 hxg5 43.Nxg5 Ra5 $1 44.Rcc7 Raf5 45.f3 Kg8 {Despite White's imposing rooks, material is reduced and Black keeps fighting for a draw.} ) 40.Kg3 Ree4 41.Rc8+ Kg7 42.Ne5 $1 {[%c_effect e5;square;e5;type;GreatFind;persistent;true] A deadly blow, probably missed by Nakamura. White forces a winning rook endgame.} 42...Rf6 43.Rxf7+ Rxf7 44.Nxf7 Kxf7 45.Rc7+ Kf8 46.Rc6 Rxa4 47.Rxg6 {The rest is easy for as good a player as Andreikin.} 47...h5 48.f3 a5 49.Ra6 Kg7 50.g5 Ra3 51.Kf4 a4 52.Ke4 Ra1 53.Kf5 a3 54.Ra7+ Kf8 1-0